 Dungeon Crawl Stone Soup version 0.32-a0-900-g30fb1b0edc (webtiles) character file.

Game seed: 16337155267326205484

509168 Xpym the Cloud Mage (level 22, -4/146 (168) HPs)
             Began as a Demigod Air Elementalist on Apr 4, 2024.
             Killed from afar by a shadow dragon (27 damage)
             ... with a bolt of negative energy
             ... on level 2 of the Realm of Zot on Apr 5, 2024.
             The game lasted 05:28:39 (103605 turns).

Xpym the Cloud Mage (Demigod Air Elementalist)    Turns: 103605, Time: 05:28:39

HP:   -4/146 (168)  AC: 23    Str: 13    XL:     22   Next: 82%
MP:   8/44          EV: 12    Int: 47    God:
Gold: 3686          SH:  9    Dex: 17    Spells: 1/46 levels left

rFire   + . .        a - staff of air
rCold   + + .        K - +3 buckler "Forget-Me-Not" {rPois rCorr Dex-4 SInv}
rNeg    . . .        X - +1 ring mail "Eduollod" {rF+ rC+ SInv}
rPois   +            C - +2 helmet {Int+3}
rElec   +            s - +2 cloak {rC+}
rCorr   +            L - +2 pair of gloves {hurl}
SInv    +            V - +2 pair of boots {rampage}
Will    +++..        S - amulet of magic regeneration
Stlth   ++           z - ring "Earthly Heaven" {Wiz Int+3 Dex+7, =R}
HPRegen 0.44/turn    W - ring of willpower
MPRegen 0.69/turn

%: rampage, wizardry (x1)
@: about to teleport, heavily drained
A: high MP 1, forlorn, divine attributes
}: 3/15 runes: decaying, silver, gossamer
a: no special abilities


You were on level 2 of the Realm of Zot.
You visited 9 branches of the dungeon, and saw 44 of its levels.
You also visited: Gauntlet and Volcano.

You collected 7376 gold pieces.
You spent 3690 gold pieces at shops.


Innate Abilities, Weirdness & Mutations

You have an increased reservoir of magic. (+10% MP)
You shall have no god before yourself.
Your divine heritage dramatically boosts your attributes as you level up.


   Skills:
 - Level 8.0 Fighting
 - Level 5.0(5.5) Short Blades
 - Level 3.7(5.0) Long Blades
 - Level 14.5 Armour
 - Level 5.0 Dodging
 - Level 5.0 Stealth
 + Level 9.5 Shields
 - Level 12.5 Spellcasting
 + Level 21.7 Conjurations
 - Level 8.5 Necromancy
 - Level 3.1 Translocations
 + Level 21.7 Air Magic
 - Level 8.5 Earth Magic
 - Level 5.0 Evocations


You had one spell level left.
You knew the following spells:

 Your Spells              Type           Power      Damage    Failure   Level
a - Airstrike             Air            75%        2d(11-27) 0%          4
b - Borgnjor's Vile Clut  Necr/Erth      41%        N/A       1%          5
c - Chain Lightning       Conj/Air       75%        3d100     10%         9
d - Orb of Destruction    Conj           62%        9d15      1%          7
e - Passwall              Erth           83%        N/A       1%          3
i - Swiftness             Air            100%       N/A       0%          3
m - Maxwell's Capacitive  Air            75%        ∞         1%          8
n - Apportation           Tloc           100%       N/A       1%          1
w - Stone Arrow           Conj/Erth      100%       3d13      0%          3
B - Blink                 Tloc           100%       N/A       1%          2

Your spell library contained the following spells:

 Spells                   Type           Power      Damage    Failure   Level
 Foxfire                  Conj/Fire      100%       2x1d9     0%          1
 Shock                    Conj/Air       100%       1d9       0%          1
 Sting                    Conj/Alch      100%       1d9       0%          1
 Summon Small Mammal      Summ           100%       N/A       1%          1
 Momentum Strike          Conj/Tloc      100%       3d10      0%          2
 Static Discharge         Conj/Air       100%       3-8/arc   0%          2
 Arcjolt                  Conj/Air       75%        1d85      0%          5
 Call Imp                 Summ           58%        N/A       1%          2
 Cigotuvi's Dreadful Rot  Necr/Alch/Air  100%       N/A       1%          2
 Ensorcelled Hibernation  Hex/Ice        58%        N/A       1%          2
 Jinxbite                 Hex            58%        N/A       1%          2
 Lesser Beckoning         Tloc           100%       N/A       1%          2
 Sublimation of Blood     Necr           83%        N/A       1%          2
 Dazzling Flash           Conj/Hex       100%       N/A       1%          3
 Maxwell's Portable Pile  Tloc           56%        2d(10-30) 1%          3
 Teleport Other           Tloc           56%        N/A       1%          3
 Volatile Blastmotes      Fire/Tloc      88%        2d17      1%          3
 Animate Armour           Summ/Erth      100%       N/A       1%          4
 Dispel Undead            Necr           83%        3d27      1%          4
 Flame Wave               Conj/Fire      93%        2d20      1%          4
 Iskenderun's Mystic Bla  Conj/Tloc      98%        2d19      (+2d11%     4
 Leda's Liquefaction      Alch/Erth      31%        N/A       1%          4
 Martyr's Knell           Necr/Summ      62%        N/A       1%          4
 Passage of Golubria      Tloc           56%        N/A       1%          4
 Petrify                  Alch/Erth      62%        N/A       1%          4
 Irradiate                Conj/Alch      46%        3d27      1%          5
 Lee's Rapid Deconstruct  Erth           41%        3d20*     1%          5
 Conjure Ball Lightning   Conj/Air       75%        3x3d28    1%          6
 Plasma Beam              Fire/Air       57%        2x1d73    1%          6
 Starburst                Conj/Fire      46%        6d13      1%          6
 Call Canine Familiar     Summ           29%        N/A       2%          3
 Sigil of Binding         Hex            29%        N/A       2%          3
 Tukima's Dance           Hex            29%        N/A       2%          3
 Dimensional Bullseye     Hex/Tloc       22%        N/A       4%          4
 Ignite Poison            Fire/Alch      29%        N/A       8%          4
 Olgreb's Toxic Radiance  Alch           29%        N/A       8%          4
 Sticky Flame             Fire/Alch      29%        2d7       8%          4
 Summon Blazeheart Golem  Fire/Summ      29%        N/A       8%          4
 Lehudib's Crystal Spear  Conj/Erth      53%        10d13     10%         8
 Summon Forest            Summ/Tloc      22%        N/A       11%         5
 Permafrost Eruption      Ice/Erth       31%        2x4d7     19%         6
 Alistair's Intoxication  Alch           19%        N/A       21%         5
 Metabolic Englaciation   Hex/Ice        14%        N/A       21%         5
 Summon Mana Viper        Hex/Summ       29%        N/A       21%         5
 Yara's Violent Unravell  Hex/Alch       14%        3d7       21%         5
 Dispersal                Tloc           28%        N/A       28%         6
 Gell's Gavotte           Tloc           28%        2d(24-35) 28%         6
 Eringya's Noxious Bog    Alch           14%        4d6       69%         6
 Summon Cactus Giant      Summ           14%        N/A       69%         6
 Haunt                    Necr/Summ      31%        N/A       69%         7
 Borgnjor's Revivificati  Necr           41%        N/A       77%         8
 Ozocubu's Refrigeration  Ice            14%        4d10      99%         7
 Summon Hydra             Summ           14%        N/A       99%         7
 Discord                  Hex            14%        N/A       100%        8
 Disjunction              Tloc           28%        N/A       100%        8
 Ignition                 Fire           14%        3d6       100%        8
 Death's Door             Necr           41%        N/A       100%        9

Inventory:

Hand Weapons
 b - a +7 scimitar of flaming
Missiles
 O - 9 curare-tipped darts {@f1 =f}
 Z - a throwing net {=f}
Armour
 s - a +2 cloak of cold resistance (worn)
 C - a +2 helmet of intelligence (worn)
 K - the +3 buckler "Forget-Me-Not" (worn) {rPois rCorr Dex-4 SInv}
   (You bought it in a shop on level 1 of the Depths)

   Dex-4:     It affects your dexterity (-4).
   rPois:     It protects you from poison.
   SInv:      It lets you see invisible.
   rCorr:     It protects you from acid and corrosion.
 L - a +2 pair of gloves of hurling (worn)
 R - the +5 Storm Queen's Shield {shock, Fly rElec}
   (You found it on level 3 of the Elven Halls)

   Shock:     When it blocks an attack, it may electrocute the attacker.
   This works even against foes who are a short distance away.
   rElec:     It insulates you from electricity.
   Fly:       It grants you flight.
 V - a +2 pair of boots of rampaging (worn)
 X - the +1 ring mail "Eduollod" (worn) {rF+ rC+ SInv}
   (You found it on level 13 of the Dungeon)

   rF+:       It protects you from fire.
   rC+:       It protects you from cold.
   SInv:      It lets you see invisible.
Magical Staves
 a - a staff of air (weapon)
Jewellery
 c - the ring "Ymahop" {rF+ rC++ Int-4 SInv}
   (You took it off Jory on level 3 of the Depths)

   [ring of see invisible]

   Int-4:     It affects your intelligence (-4).
   rF+:       It protects you from fire.
   rC++:      It greatly protects you from cold.
   SInv:      It lets you see invisible.
 i - a +6 ring of intelligence
 t - the ring "Kueddop" {rN++ SInv}
   (You took it off a frost giant on level 3 of the Depths)

   [ring of see invisible]

   rN++:      It greatly protects you from negative energy.
   SInv:      It lets you see invisible.
 z - the ring "Earthly Heaven" (left hand) {Wiz Int+3 Dex+7, =R}
   (You found it on level 3 of the Vaults)

   [ring of wizardry]

   Wiz:       It improves your spell success rate.
   Int+3:     It affects your intelligence (+3).
   Dex+7:     It affects your dexterity (+7).
 E - the ring of Peace {rPois rF+ rC+ EV+5}
   (You took it off a deep elf high priest on level 5 of the Vaults)

   [ring of evasion]

   EV+5:      It affects your evasion (+5).
   rF+:       It protects you from fire.
   rC+:       It protects you from cold.
   rPois:     It protects you from poison.
 S - an amulet of magic regeneration (around neck)
 W - a ring of willpower (right hand)
Wands
 l - a wand of digging (23)
 x - a wand of paralysis (49)
 G - a wand of quicksilver (7)
 J - a wand of polymorph (17)
 Q - a wand of mindburst (41)
 U - a wand of roots (53)
Scrolls
 e - 7 scrolls of poison
 g - 10 scrolls of vulnerability
 j - 3 scrolls of teleportation {@r2}
 m - 6 scrolls of blinking
 p - 10 scrolls of fog
 u - 5 scrolls of fear
 v - 2 scrolls of butterflies
 B - 4 scrolls of amnesia
 H - 6 scrolls of immolation
 M - a scroll of revelation
Potions
 d - 6 potions of brilliance
 f - a potion of resistance
 h - 13 potions of curing {@q1}
 k - 6 potions of haste {@q3}
 n - 8 potions of might
 w - 2 potions of attraction
 y - 4 potions of berserk rage {!q}
 A - 7 potions of enlightenment
 D - 4 potions of ambrosia
 F - 3 potions of magic
 N - 12 potions of lignification
 T - 8 potions of mutation
 Y - 6 potions of heal wounds {@q2}
Miscellaneous
 o - a lightning rod (4/4) (quivered)
 q - a sack of spiders
 r - a tin of tremorstones (2/2)
 P - a phantom mirror

Dungeon Overview and Level Annotations

Branches:
Dungeon (15/15)            Temple (0/1) D:6            Lair (5/5) D:10
  Swamp (4/4) Lair:3       Spider (4/4) Lair:2        Slime (0/5) Lair:5
    Orc (2/2) D:9             Elf (3/3) Orc:2        Vaults (5/5) D:13
  Crypt (0/3) Vaults:2     Depths (4/4) D:15            Zot (1/5) Depths:4
Volcano (visited)         Gauntlet (visited)

Shops:
D:1 !   D:3 [   D:14 [   Orc:2 ((([   Elf:2 :**   Elf:3 (   Vaults:4 (
Vaults:5 !   Depths:1 [

Portals:
Hell: Depths:1 Depths:2 Depths:3 Depths:4
Abyss: Lair:5 Depths:1 Depths:2 Depths:3 Depths:4
Pandemonium: Depths:2 Depths:3
Ziggurat: Depths:2

Annotations:
D:10 1 exclusion
Swamp:1 Roxanne
Spider:3 2 transporters, DEFE's ghost, adept CoFi
Elf:1 exclusion: dancing weapon
Elf:2 1 exclusion
Depths:1 1 transporter
Depths:3 2 transporters

,,,,,* #....▒▒..ß...▒.,,*,,,,,,
,,,,,* #....▒▒▒...ß..▒,,**,,,,,
,,,,,* #....▒▒▒......▒,,,,,,,,,
,,,,**** #....▒▒▒▒'''▒▒▒,,,,,,,,,
,,,,,,,**#....▒▒.▒†...▒▒*','*'*'*
,,,,,,,,,.....▒▒▒.....▒▒,,,,,,,,,
****,,,,,.....▒▒.ff[C.''°,,,,,,,,
**,,,,..#..▒▒fffX..z',,,,⌠,,,,
**,,,..#..▒▒@D.D..▒▒,,,,,,,,,
**,,.###.▒▒▒f....=▒,,,,,,,,,
**,.###.▒▒▒▒f..=.▒*,,,,,,,*
*,d####.▒▒▒▒▒▒▒▒▒*********
*,####...▒▒▒▒▒▒▒▒
**####.########## ***


You could see 2 shadow dragons, a tentacled monstrosity, a curse toe, a protean
progenitor, 4 deathcaps and 3 wandering mushrooms.


Message History

The curse toe calls on the powers of darkness!
The protean progenitor convulses!
The shadow dragon convulses! x2
Your body is wracked with pain!
* * * LOW HITPOINT WARNING * * *
The deathcap closely misses you.
You block the wandering mushroom's attack. x2
You take 28 damage, and have 32/158 hp.
The curse toe calls on the powers of darkness!
The shadow dragon convulses!
The protean progenitor convulses!
The shadow dragon convulses!
Your body is wracked with pain!
* * * LOW HITPOINT WARNING * * *
The shadow dragon breathes negative energy at you.
The bolt of negative energy hits you!
You feel drained.
* * * LOW HITPOINT WARNING * * *
The wandering mushroom releases spores at you but does no damage.
You block the wandering mushroom's attack.
You block the deathcap's attack.
You take 26 damage, and have 6/155 hp.
You feel much better.
The curse toe gestures.
The shadow dragon bites you.
* * * LOW HITPOINT WARNING * * *
You feel drained.
* * * LOW HITPOINT WARNING * * *
The shadow dragon claws you but does no damage. x2
The shadow dragon breathes negative energy at you.
The bolt of negative energy hits the shadow dragon.
The shadow dragon completely resists.
The bolt of negative energy hits you!!
You feel drained.
You die...

Skill      XL: |  1  2  3  4  5  6  7  8  9 10 11 12 13 14 15 16 17 18 19 20 21 22 |
---------------+-------------------------------------------------------------------+-----
Conjurations   | 1 2 3 4 5 9 10 11 12 13 16 17 18 19 20 21 | 21.7
Air Magic      | 3 4 5 6 7 9 10 11 12 13 15 17 18 19 20 21 | 21.7
Spellcasting   | 2 3 4 5 7 8 10 12 | 12.5
Earth Magic    | 1 3 5 8 |  8.5
Armour         | 2 5 6 11 14 | 14.5
Fighting       | 2 3 5 7 8 |  8.0
Dodging        | 2 4 5 |  5.0
Stealth        | 3 4 5 |  5.0
Evocations     | 1 3 5 |  5.0
Translocations | 2 3 |  3.1
Shields        | 4 5 6 9 |  9.5
Short Blades   | 2 5 |  5.0
Long Blades    | 3 |  3.7
Necromancy     | 4 8 |  8.5

Action                     |  1- 3 |  4- 6 |  7- 9 | 10-12 | 13-15 | 16-18 | 19-21 | 22-24 || total
---------------------------+-------+-------+-------+-------+-------+-------+-------+-------++-------
  Melee: Dagger            |     1 |    12 |       |       |       |       |       |       ||    13
         Short sword       |       |       |     4 |    23 |       |       |       |       ||    27
         Rapier            |       |       |       |       |    29 |       |       |       ||    29
         Trident           |       |       |       |       |     5 |       |       |       ||     5
         Scimitar          |       |       |       |       |     3 |    40 |    14 |     6 ||    63
         Whip              |       |       |       |       |     5 |    27 |     2 |       ||    34
   Fire: Shortbow          |     4 |     7 |     7 |       |       |       |       |       ||    18
  Throw: Dart              |     2 |       |     4 |       |    12 |       |       |       ||    18
   Cast: Shock             |    89 |    58 |   102 |    17 |    29 |       |       |       ||   295
         Static Discharge  |     4 |    32 |    43 |     8 |    22 |       |       |       ||   109
         Stone Arrow       |       |       |    15 |    93 |   355 |   234 |    33 |       ||   730
         Airstrike         |       |       |    50 |   178 |   381 |   109 |   147 |    35 ||   900
         Arcjolt           |       |       |       |    35 |    79 |   108 |    29 |       ||   251
         Maxwell's Portabl |       |       |       |     2 |       |       |       |       ||     2
         Borgnjor's Vile C |       |       |       |       |   104 |   220 |    24 |       ||   348
         Apportation       |       |       |       |       |     6 |     1 |     2 |       ||     9
         Swiftness         |       |       |       |       |     1 |    14 |    10 |     1 ||    26
         Orb of Destructio |       |       |       |       |       |   144 |    12 |       ||   156
         Passwall          |       |       |       |       |       |     1 |     1 |       ||     2
         Blink             |       |       |       |       |       |    11 |    10 |       ||    21
         Maxwell's Capacit |       |       |       |       |       |   117 |   297 |    96 ||   510
         Chain Lightning   |       |       |       |       |       |       |     6 |    15 ||    21
  Evoke: Wand              |       |       |       |     9 |     8 |     7 |       |     1 ||    25
         Lightning rod     |       |       |       |       |     4 |     8 |     3 |       ||    15
         Sack of spiders   |       |       |       |       |       |     1 |       |       ||     1
    Use: Potion            |     3 |     2 |     1 |     5 |     6 |     6 |     1 |     4 ||    28
         Scroll            |     1 |     5 |     6 |     8 |    10 |    18 |     8 |     7 ||    63
   Stab: Paralysed         |       |       |       |    12 |    10 |     4 |       |     6 ||    32
 Armour: Robe              |    13 |    67 |     2 |       |    67 |       |     3 |       ||   152
         Leather armour    |       |    10 |     6 |       |       |       |       |       ||    16
         Ring mail         |       |       |    89 |   100 |   309 |   542 |   286 |   144 ||  1470
         Skin              |       |       |       |       |     1 |       |       |       ||     1
         Storm dragon scal |       |       |       |       |       |       |    47 |       ||    47
  Dodge: Dodged            |    15 |    29 |    34 |    38 |   166 |   231 |   106 |    48 ||   667
  Block: Buckler           |       |       |       |     8 |    92 |   149 |   102 |    56 ||   407

Levels and vault maps discovered:
D:1:      dpeg_arrival_pits, layout_basic, serial_shops, shop
D:2:      layout_basic, nicolae_titane
D:3:      layout_basic, serial_shops, shop, grunt_ministairs_4,
          roderic_roman_lattice
D:4:      layout_basic, st_stairs_12
D:5:      layout_loops_ring, kennysheep_opposing_triangles, uniq_eustachio,
          uniq_duvessa
D:6:      layout_basic, lemuel_temple_firewalk_b
D:7:      layout_gridville, uniq_pikel, uniq_jeremiah
D:8:      layout_cave_pools, serial_bayou_lake_a, uniq_grum
D:9:      layout_long_grid, mainiacjoe_overflow_big_doors, orc_0_dummy
D:10:     layout_basic, nicolae_vehumet_radiance, lair_entry_dummy,
          lemuel_flamethrower_hall, uniq_maggie
D:11:     layout_irregular_city, minmay_statue_bubble
D:12:     layout_loops_cross, minmay_microvault, uniq_nessos, uniq_kirke
D:13:     layout_cave_pods, erik_vaults_1, gammafunk_ghost_arena,
          serial_column_ruins, column_ruins_hut, column_ruins_columns_straight,
          column_ruins_grid_2, column_ruins_corridor_T, column_ruins_open_tiny,
          column_ruins_grid_2, column_ruins_grid_1, nicolae_tricolors
D:14:     layout_roguey, serial_shops, shop_fountains, minmay_misc_feat_ornament
D:15:     grunt_enter_depths_magical_seal, layout_small_grid, xom_teletrap_fun,
          uniq_agnes
Lair:1:   layout_cave_shapes, nicolae_volcano_entry_lava_flow, basic_altar,
          minivault_27, hangedman_tree_tricks, grunt_megastairs_1
Lair:2:   dreamdust_isle_of_ice, layout_hall_layers,
          spider_nest_entry_web_field, infiniplex_staircase_pool,
          serial_bayou_shore_a
Lair:3:   layout_misc_corridors, skrybe_swamp_entry_bodies
Lair:4:   layout_cave_pods, gauntlet_entry_generic
Lair:5:   hellmonk_lair_end_abyssal_woods, layout_misc_corridors, slime_entry_1,
          uniq_rupert
Swamp:1:  layout_falls_marsh, evilmike_swamp_ruin_house_3,
          nicolae_swamp_long_stream, uniq_roxanne
Swamp:2:  layout_basic_swamp, gammafunk_ghost_berserking_beasts,
          serial_swamp_ruin, evilmike_swamp_ruin_house_4,
          hangedman_swamp_ruin_hall, swamp_pool_4, uniq_jorgrun
Swamp:3:  layout_falls_marsh, nicolae_swamp_triple_paths, swamp_pool_1_2
Swamp:4:  swamp, layout_basic_swamp
Spider:1: layout_cave_pods
Spider:2: nicolae_spider_mines_3
Spider:3: layout_spider_delve, gammafunk_ghost_mausoleum
Spider:4: grunt_spider_rune_circles, portal_ice_cave_entry_pillars_four,
          uniq_arachne, uniq_bai_suzhen, uniq_mlioglotl
Orc:1:    layout_caves, mines3_lemuel
Orc:2:    st_orc_town, layout_diamond_mine
Elf:1:    eino_elf_arrival_customs, layout_geoelf_octagon,
          nicolae_elf_altarnating, st_stairs_7, serial_sigils_hangedman_leer
Elf:2:    nicolae_elf_blades_crystal_corner, layout_geoelf_diagonals,
          gammafunk_ghost_cemetery, minmay_shop_star
Elf:3:    elf_hall, layout_onion_city, serial_shops, shop, serial_sigils,
          serial_sigils_hangedman_stare, serial_sigils_hangedman_gnaw,
          serial_sigils_hangedman_shear, serial_sigils_hangedman_clutch,
          minivault_23, uniq_mara
Vaults:1: nicolae_vaults_asterisk, nicolae_vaults_specimen_jars,
          nicolae_vaults_tetromino_Z_2, ontoclasm_vaults_shuriken,
          hangedman_vaults_slice, dpeg_vaults_monster_box,
          nicolae_vaults_tetromino_T_2, nicolae_vaults_tangram_1,
          hangedman_vaults_stream, nicolae_vaults_trapezoid_lopsided_1,
          vaults_room_pool, vaults_room_hallway, layout_vaults_big_room
Vaults:2: minmay_crypt_entry_vampire_xt, nicolae_vaults_storage_room_glass,
          v_pattern_4, vaults_room_semicircle, vaults_room_octagon,
          vaults_standard_mumra_x, hangedman_vaults_trim, vaults_mumra_chevron,
          nicolae_vaults_little_squares_6, v_misc_13,
          nicolae_vaults_closet_pinwheel_3, layout_vaults_maze_bifur,
          uniq_nikola
Vaults:3: nicolae_vaults_museum, nicolae_vaults_big_ls,
          nicolae_vaults_stairing_the_circle, nicolae_vaults_tetromino_Z_1,
          v_misc_16, nicolae_vaults_network_star,
          ontoclasm_vaults_decontamination, layout_vaults_omnigrid
Vaults:4: vaults_room_door_ring, hangedman_vaults_locks, v_misc_22,
          nicolae_vaults_triangles, nicolae_vaults_halls_meeting, v_misc_4,
          nicolae_vaults_oval_intersection, ontoclasm_vaults_fault,
          ontoclasm_vaults_claustrophobia, v_misc_24,
          nicolae_vaults_border_crossing, ontoclasm_vaults_gateway,
          grunt_vaults_trifunnel, nicolae_vaults_apartment_1,
          layout_vaults_omnibox, serial_shops, nicolae_shop_rolling_square
Vaults:5
Depths:1: emtedronai_trogs_sanctum, layout_cave_pools, serial_shops,
          kennysheep_little_box, nicolae_abyss_entry_one_way_or_another,
          nicolae_kite_square_tiling_tiny, hell_entry, kiku_gazebo_pond_becter
Depths:2: nicolae_fronds_of_death, layout_gridville, enter_ziggurat_f,
          serial_rivers, chequers_serial_rivers_room_a,
          chequers_serial_rivers_large_a, chequers_serial_rivers_room_a,
          chequers_serial_rivers_micro_b, abyss_entry,
          hangedman_decor_diamond_cutter, rand_demon_pan_entry_3, hell_entry,
          drop_trap
Depths:3: hangedman_spin_cycle, pan_entry, abyss_entry, hell_entry, uniq_jory,
          uniq_boris
Depths:4: grunt_zot_entry_funnels, layout_basic,
          regret_index_abyss_entry_earlier_magic, hell_entry,
          minmay_misc_feat_cross, grunt_ministairs_15, drop_trap
Zot:1:    layout_basic, regret_index_zotdec_zees,
          gammafunk_ghost_wrathful_warriors
Zot:2:    regret_index_all_hallows'_manor, layout_cathedral_of_symmetry,
          hellmonk_ghost_big_iron

Notes
Turn   | Place    | Note
-------+----------+-------------------------------------------
     0 | D:1      | Xpym the Demigod Air Elementalist began the quest for the
                  | Orb.
     0 | D:1      | Reached XP level 1. HP: 14/14 MP: 5/5
    26 | D:1      | Reached skill level 1 in Conjurations
   247 | D:1      | Found Xahor's Distillery.
   312 | D:1      | Reached XP level 2. HP: 20/20 MP: 2/7
   372 | D:1      | Reached skill level 3 in Air Magic
   450 | D:1      | Reached skill level 2 in Spellcasting
   630 | D:1      | Learned a level 2 spell: Static Discharge
  1095 | D:1      | Bought a potion of curing for 42 gold pieces
  1149 | D:2      | Reached XP level 3. HP: 26/26 MP: 2/8
  1461 | D:2      | Identified the +0 leather armour "Edghuf" {rPois rF-
                  | Regen+}
  1776 | D:2      | Reached skill level 2 in Conjurations
  2328 | D:1      | Bought a potion of heal wounds for 70 gold pieces
  2483 | D:3      | Found Danop's Armour Emporium.
  3181 | D:4      | Identified 2 potions of resistance
  3182 | D:4      | Noticed a scorpion
  3194 | D:4      | Killed a scorpion
  3195 | D:4      | Reached XP level 4. HP: 14/33 MP: 6/10
  3280 | D:4      | Reached skill level 3 in Conjurations
  3280 | D:4      | Reached skill level 4 in Air Magic
  3280 | D:4      | Reached XP level 5. HP: 23/38 MP: 2/11
  3453 | D:4      | Learned a level 3 spell: Swiftness
  3587 | D:4      | Noticed an ogre
  3612 | D:4      | Killed an ogre
  3921 | D:4      | Reached skill level 1 in Earth Magic
  3921 | D:4      | Reached XP level 6. HP: 41/45 MP: 5/13
  4352 | D:5      | Entered Level 5 of the Dungeon
  4473 | D:5      | Reached skill level 3 in Spellcasting
  4623 | D:5      | Noticed Eustachio
  4980 | D:5      | Noticed Duvessa
  4995 | D:5      | Noticed Dowan
  5091 | D:5      | Reached skill level 4 in Conjurations
  5250 | D:5      | Reached skill level 5 in Air Magic
  5253 | D:5      | Reached XP level 7. HP: 30/50 MP: 1/15
  5259 | D:5      | Reached skill level 2 in Earth Magic
  5672 | D:6      | Reached skill level 5 in Conjurations
  5822 | D:6      | Identified the +1 ring mail "Fuir" {rPois rN+ Dex+3}
  5872 | D:6      | Learned a level 3 spell: Stone Arrow
  5975 | D:6      | Reached skill level 1 in Armour
  6132 | D:6      | Found a staircase to the Ecumenical Temple.
  6329 | D:6      | Reached skill level 2 in Armour
  6329 | D:6      | Reached skill level 4 in Spellcasting
  6329 | D:6      | Reached skill level 3 in Earth Magic
  6499 | D:6      | Noticed a steam dragon
  6516 | D:6      | Reached XP level 8. HP: 53/57 MP: 12/17
  6565 | D:6      | Reached skill level 3 in Armour
  7332 | D:7      | Reached skill level 4 in Armour
  7568 | D:7      | Reached skill level 4 in Earth Magic
  7756 | D:7      | Reached skill level 5 in Armour
  7797 | D:7      | Reached skill level 5 in Earth Magic
  7863 | D:7      | Noticed Jeremiah
  7871 | D:7      | Killed Jeremiah
  7872 | D:7      | Reached skill level 1 in Fighting
  7872 | D:7      | Reached skill level 2 in Dodging
  7872 | D:7      | Reached skill level 2 in Stealth
  7953 | D:7      | Noticed Pikel
  8222 | D:3      | Bought a +0 helmet of intelligence for 161 gold pieces
  8337 | D:6      | Killed Pikel
  8338 | D:6      | Reached skill level 2 in Fighting
  8338 | D:6      | Reached skill level 3 in Stealth
  8338 | D:6      | Reached skill level 1 in Evocations
  8338 | D:6      | Reached XP level 9. HP: 38/67 MP: 0/18
  8343 | D:6      | Learned a level 3 spell: Maxwell's Portable Piledriver
  8348 | D:6      | Learned a level 4 spell: Airstrike
  8525 | D:7      | Reached skill level 3 in Dodging
  8963 | D:8      | Noticed Grum
  9386 | D:8      | Reached skill level 1 in Translocations
 10198 | D:8      | Reached skill level 2 in Evocations
 10358 | D:8      | Killed Grum
 10359 | D:8      | Reached skill level 3 in Fighting
 10434 | D:9      | Reached skill level 2 in Translocations
 10539 | D:9      | Found a staircase to the Orcish Mines.
 10554 | D:9      | Reached skill level 4 in Stealth
 11328 | D:10     | Entered Level 10 of the Dungeon
 11411 | D:10     | Noticed Maggie
 11426 | D:10     | Reached skill level 4 in Dodging
 11829 | D:10     | Found a staircase to the Lair.
 11992 | D:10     | Noticed a two-headed ogre
 12007 | D:10     | Killed a two-headed ogre
 12008 | D:10     | Reached skill level 6 in Air Magic
 12008 | D:10     | Reached skill level 3 in Evocations
 12008 | D:10     | Reached XP level 10. HP: 78/78 MP: 3/19
 12657 | Lair:1   | Entered Level 1 of the Lair of Beasts
 12660 | Lair:1   | Reached skill level 3 in Translocations
 12768 | Lair:1   | Noticed a black mamba
 12770 | Lair:1   | Killed a black mamba
 12771 | Lair:1   | Reached skill level 4 in Fighting
 12771 | Lair:1   | Noticed an oklob plant
 12790 | Lair:1   | Reached skill level 5 in Stealth
 12834 | Lair:1   | Found a dark tunnel.
 12932 | Volcano  | Entered a volcano
 13019 | Volcano  | Reached skill level 4 in Evocations
 13444 | Volcano  | Noticed a red draconian
 13448 | Volcano  | Noticed a centaur warrior
 13451 | Volcano  | HP: 8/80 [red draconian/+1 scimitar of flaming (12)]
 13465 | Volcano  | Killed a red draconian
 13466 | Volcano  | Reached skill level 5 in Fighting
 13466 | Volcano  | Reached skill level 7 in Air Magic
 13471 | Volcano  | Killed a centaur warrior
 13472 | Volcano  | Reached skill level 5 in Spellcasting
 13472 | Volcano  | Reached skill level 5 in Evocations
 13658 | Volcano  | Noticed an obsidian statue
 13817 | Volcano  | Killed an obsidian statue
 13990 | Lair:1   | Reached XP level 11. HP: 86/86 MP: 12/22
 15016 | Lair:2   | Reached skill level 6 in Conjurations
 15028 | Lair:1   | Learned a level 5 spell: Arcjolt
 15230 | Lair:2   | Reached skill level 8 in Air Magic
 15780 | Lair:2   | Reached skill level 7 in Conjurations
 16139 | Lair:2   | Found a hole to the Spider Nest.
 16203 | Lair:2   | You fall into a shaft and drop 1 floor!
 16491 | Lair:3   | Found a staircase to the Swamp.
 16491 | Lair:3   | Noticed a death yak
 16491 | Lair:3   | Noticed a death yak
 16491 | Lair:3   | Noticed a death yak
 16496 | Lair:3   | Noticed a bog body
 16685 | Lair:2   | Noticed an eight-headed hydra
 16697 | Lair:2   | Killed an eight-headed hydra
 16698 | Lair:2   | Reached skill level 9 in Air Magic
 17512 | Lair:2   | Noticed a death yak
 17513 | Lair:2   | Upgraded the game from 0.32-a0-893-gf85d74f360 to
                  | 0.32-a0-898-g7811c86cf0
 17621 | Lair:2   | Reached skill level 8 in Conjurations
 17703 | Lair:1   | Killed a death yak
 17704 | Lair:1   | Reached skill level 5 in Dodging
 19070 | Lair:3   | Killed a bog body
 19071 | Lair:3   | Reached skill level 9 in Conjurations
 19105 | Lair:3   | Noticed a death yak
 19113 | Lair:3   | Noticed a death yak
 19116 | Lair:3   | Killed a death yak
 19117 | Lair:3   | Reached XP level 12. HP: 94/94 MP: 7/24
 19378 | Lair:2   | Reached skill level 6 in Spellcasting
 19844 | Lair:4   | Reached skill level 6 in Fighting
 19901 | Lair:4   | Found a gate leading to a gauntlet.
 19913 | Gauntlet | Entered a Gauntlet
 19913 | Gauntlet | Found a transporter.
 19913 | Gauntlet | Found a transporter.
 20039 | Gauntlet | Found a transporter.
 20041 | Gauntlet | Found a transporter.
 20044 | Gauntlet | Noticed a green death
 20048 | Gauntlet | Found a transporter.
 20060 | Gauntlet | Found a transporter.
 20064 | Gauntlet | Found a transporter.
 20066 | Gauntlet | Found a transporter.
 20066 | Gauntlet | Found a transporter.
 20070 | Gauntlet | Found a transporter.
 20084 | Gauntlet | Noticed a catoblepas
 20106 | Gauntlet | Found a transporter.
 20126 | Gauntlet | Found a transporter.
 20160 | Gauntlet | Found a transporter.
 20174 | Gauntlet | Found a transporter.
 20275 | Gauntlet | Found a transporter.
 20289 | Gauntlet | Found a transporter.
 20393 | Lair:4   | Reached skill level 1 in Shields
 20688 | Lair:4   | Reached skill level 2 in Shields
 21107 | Lair:4   | Reached skill level 3 in Shields
 21395 | Lair:4   | Noticed a catoblepas
 21455 | Lair:4   | Reached skill level 1 in Short Blades
 22111 | Lair:5   | Entered Level 5 of the Lair of Beasts
 22192 | Lair:5   | Noticed a five-headed hydra
 22491 | Lair:5   | Reached skill level 10 in Conjurations
 22574 | Lair:5   | Noticed Rupert
 22651 | Lair:5   | Reached skill level 4 in Shields
 22656 | Lair:4   | Reached skill level 2 in Short Blades
 22744 | Lair:5   | Killed a five-headed hydra
 22845 | Lair:5   | Identified a scroll of acquirement
 22846 | Lair:5   | Acquired the Exposition on Impulse
 22882 | Lair:5   | Reached skill level 7 in Spellcasting
 23048 | Lair:4   | Killed a catoblepas
 23234 | Lair:3   | Reached skill level 7 in Fighting
 23587 | D:5      | Killed Duvessa
 23588 | D:5      | Reached XP level 13. HP: 103/105 MP: 10/27
 23757 | D:5      | Killed Dowan
 24049 | D:5      | Killed Eustachio
 24397 | Orc:1    | Entered Level 1 of the Orcish Mines
 24860 | Lair:1   | Reached skill level 5 in Shields
 25150 | Orc:2    | Entered Level 2 of the Orcish Mines
 25172 | Orc:1    | Reached skill level 3 in Short Blades
 25526 | Orc:1    | Noticed an orc warlord
 26410 | Orc:2    | Found a staircase to the Elven Halls.
 27795 | Orc:2    | Found Ziqenlibu's Antique Weapon Boutique.
 27962 | Orc:2    | Found Xisuib's Antique Armour Shop.
 28139 | Orc:2    | Reached skill level 4 in Short Blades
 28276 | Orc:2    | Found Nylaefoa's Antique Weapon Shop.
 28568 | Orc:2    | Found Fooshry's Weapon Boutique.
 28682 | Orc:2    | Bought a transparent ring mail for 342 gold pieces
 28682 | Orc:2    | Identified the +6 ring mail of Foolhardiness {Str+2} (You
                  | bought it in a shop on level 2 of the Orcish Mines)
 28682 | Orc:2    | Bought a shiny orb for 456 gold pieces
 28682 | Orc:2    | Bought a slimy chain mail for 361 gold pieces
 28682 | Orc:2    | Identified the +5 chain mail of Boredom {Will+ rCorr} (You
                  | bought it in a shop on level 2 of the Orcish Mines)
 28682 | Orc:2    | Bought a pair of boots for 171 gold pieces
 28936 | D:1      | Bought a potion of haste for 140 gold pieces
 28936 | D:1      | Bought a potion of lignification for 42 gold pieces
 28936 | D:1      | Bought a potion of mutation for 112 gold pieces
 29580 | D:11     | Reached skill level 8 in Fighting
 29721 | D:11     | Reached skill level 10 in Air Magic
 30138 | D:11     | Reached skill level 8 in Spellcasting
 30273 | D:11     | Learned a level 3 spell: Passwall
 30744 | D:11     | Reached skill level 11 in Conjurations
 30769 | D:12     | Reached skill level 5 in Short Blades
 30774 | D:12     | Learned a level 1 spell: Apportation
 30991 | D:12     | Noticed Kirke
 31009 | D:12     | Killed Kirke
 31485 | D:12     | Noticed Nessos
 31498 | D:12     | Killed Nessos
 32490 | D:12     | Reached XP level 14. HP: 94/115 MP: 16/31
 33249 | D:13     | Found a transporter.
 33253 | D:13     | Noticed Lanoc's ghost (journeyman CoHu)
 33442 | D:13     | Found a transporter.
 33469 | D:13     | Identified the +1 ring mail "Eduollod" {rF+ rC+ SInv}
 33485 | D:13     | Found a gate to the Vaults.
 34143 | D:13     | Reached skill level 11 in Air Magic
 34894 | D:14     | Reached skill level 9 in Spellcasting
 35249 | D:14     | Found Liklebur's Antique Armour Boutique.
 35254 | D:14     | Bought a heavily runed chain mail for 218 gold pieces
 35254 | D:14     | Identified the +8 chain mail "Dinosk" {rN++} (You bought it
                  | in a shop on level 14 of the Dungeon)
 35346 | D:14     | Reached skill level 1 in Long Blades
 35573 | D:15     | Entered Level 15 of the Dungeon
 35762 | D:15     | Noticed Agnes
 36294 | D:10     | Found a staircase to the Lair.
 36311 | D:10     | Killed Maggie
 36654 | Lair:5   | Reached skill level 2 in Long Blades
 36707 | Lair:5   | Paralysed by Rupert for 5 turns
 36724 | Lair:5   | Killed Rupert
 36725 | Lair:5   | Reached skill level 12 in Conjurations
 37715 | Lair:5   | Reached skill level 3 in Long Blades
 38696 | Lair:5   | Learned a level 5 spell: Borgnjor's Vile Clutch
 38822 | Lair:5   | Reached skill level 1 in Necromancy
 38940 | Lair:5   | Found a one-way gate to the infinite horrors of the Abyss.
 39321 | Lair:5   | Reached skill level 2 in Necromancy
 39641 | Lair:5   | Found a staircase to the Slime Pits.
 39711 | Swamp:1  | Entered Level 1 of the Swamp
 39968 | Swamp:1  | Reached skill level 3 in Necromancy
 40405 | Swamp:1  | Noticed Roxanne
 40414 | Swamp:1  | Reached skill level 10 in Spellcasting
 40529 | Swamp:1  | Reached skill level 4 in Necromancy
 40995 | Swamp:1  | Identified the +3 whip "Spiderslayer" {flame, *Rage Fly rF+
                  | Int+3}
 41212 | Swamp:2  | Found a transporter.
 41221 | Swamp:2  | Reached XP level 15. HP: 121/121 MP: 20/33
 41311 | Swamp:2  | Noticed contendunt's ghost (adept MiFi)
 41651 | Swamp:2  | Reached skill level 5 in Necromancy
 41770 | Swamp:2  | Noticed Jorgrun
 41779 | Swamp:2  | Killed Jorgrun
 41780 | Swamp:2  | Reached skill level 6 in Earth Magic
 42238 | Swamp:2  | Found a transporter.
 43020 | Swamp:3  | Reached skill level 6 in Necromancy
 43117 | Swamp:3  | Reached skill level 7 in Earth Magic
 44422 | Swamp:3  | Reached skill level 7 in Necromancy
 44873 | Swamp:4  | Entered Level 4 of the Swamp
 44994 | Swamp:3  | Reached skill level 8 in Earth Magic
 46317 | Swamp:4  | Reached skill level 8 in Necromancy
 46747 | Swamp:4  | Noticed a thorn hunter
 46748 | Swamp:4  | Reached skill level 12 in Air Magic
 46879 | Swamp:4  | Killed a thorn hunter
 47770 | Swamp:4  | Reached skill level 13 in Conjurations
 48071 | Swamp:4  | Noticed a thorn hunter
 48081 | Swamp:4  | Killed a thorn hunter
 49127 | Swamp:4  | Got a decaying rune of Zot
 49344 | D:13     | Reached XP level 16. HP: 128/128 MP: 29/35
 49362 | D:13     | Killed Lanoc's ghost
 49509 | D:13     | Identified the amulet "Vetono Huo" {Regen+ Str+3}
 49740 | Swamp:2  | Reached skill level 13 in Air Magic
 49763 | Swamp:2  | Killed contendunt's ghost
 49896 | Swamp:2  | Identified the +0 cloak of Soft Rains {rCorr Int+2 Dex+5}
 49898 | Swamp:2  | Identified the +2 cloak of Springtime {+Blink}
 49932 | Swamp:2  | Learned a level 7 spell: Orb of Destruction
 50131 | Vaults:1 | Entered Level 1 of the Vaults
 50744 | Vaults:1 | Reached skill level 14 in Conjurations
 52979 | Vaults:1 | Learned a level 2 spell: Blink
 53767 | Vaults:1 | Reached skill level 15 in Conjurations
 54333 | Vaults:2 | Noticed Nikola
 54338 | Vaults:2 | Killed Nikola
 55648 | Vaults:2 | Paralysed by a formless jellyfish for 1 turns
 55660 | Vaults:2 | Reached skill level 16 in Conjurations
 56354 | Vaults:2 | Reached XP level 17. HP: 134/134 MP: 21/36
 56446 | Vaults:2 | Paralysed by a formless jellyfish for 1 turns
 56881 | Vaults:2 | Found a staircase to the Crypt.
 58932 | Vaults:3 | Reached skill level 17 in Conjurations
 59578 | Vaults:3 | Reached skill level 11 in Spellcasting
 61188 | Vaults:3 | Identified the +5 mace of Change {heavy, ^Fragile +Blink
                  | Dex+3 SInv}
 61195 | Vaults:3 | Identified the ring "Earthly Heaven" {Wiz Int+3 Dex+7}
 61204 | Vaults:3 | Identified the ring "Qyepp" {rC+ rCorr Dex+3}
 62629 | Vaults:4 | Paralysed by a formless jellyfish for 1 turns
 62794 | Vaults:4 | Reached skill level 12 in Spellcasting
 63001 | Vaults:4 | Reached skill level 14 in Air Magic
 63714 | Vaults:4 | Found Motif's Weapon Boutique.
 63872 | Vaults:4 | Identified the +1 robe "Mabb" {rC+}
 65593 | Vaults:4 | Reached skill level 15 in Air Magic
 65835 | Vaults:4 | Got the Precepts of Fever and Decomposition
 66605 | Spider:1 | Entered Level 1 of the Spider Nest
 67075 | Spider:1 | Reached XP level 18. HP: 141/141 MP: 24/39
 67085 | Spider:1 | Learned a level 8 spell: Maxwell's Capacitive Coupling
 69171 | Spider:2 | Reached skill level 16 in Air Magic
 72091 | Spider:3 | Noticed DEFE's ghost (adept CoFi)
 72092 | Spider:3 | Found a transporter.
 72105 | Spider:3 | Reached skill level 17 in Air Magic
 72173 | Spider:3 | Found a transporter.
 72580 | Spider:4 | Entered Level 4 of the Spider Nest
 72583 | Spider:4 | Noticed Bai Suzhen
 72972 | Spider:4 | Noticed Mlioglotl
 73048 | Spider:4 | Killed Bai Suzhen
 74051 | Spider:4 | Killed Mlioglotl
 75785 | Spider:4 | Noticed Arachne
 75789 | Spider:4 | Killed Arachne
 75931 | Spider:4 | Identified a scarf of resistance
 75944 | Spider:4 | Got a gossamer rune of Zot
 76692 | D:15     | Reached skill level 6 in Armour
 76729 | D:15     | Killed Agnes
 77493 | D:15     | Found a staircase to the Depths.
 78094 | Orc:1    | Reached XP level 19. HP: 147/147 MP: 32/41
 78455 | Depths:1 | Entered Level 1 of the Depths
 78797 | D:15     | Reached skill level 7 in Armour
 78797 | D:15     | Upgraded the game from 0.32-a0-898-g7811c86cf0 to
                  | 0.32-a0-900-g30fb1b0edc
 79714 | Depths:1 | Found a transporter.
 79732 | Depths:1 | Found Zesiacec's Armour Boutique.
 79737 | Depths:1 | Bought the +3 buckler "Forget-Me-Not" {rPois rCorr Dex-4
                  | SInv} for 481 gold pieces
 79762 | Depths:1 | Found a gateway to Hell.
 79925 | Depths:1 | Noticed a juggernaut
 80201 | Depths:1 | Found a gateway to Hell.
 80227 | Depths:1 | Found Zesiacec's Armour Boutique.
 80314 | Depths:1 | Found a transporter.
 80474 | Depths:2 | Reached skill level 8 in Armour
 81189 | Depths:2 | Noticed a juggernaut
 81193 | Depths:2 | Killed a juggernaut
 81194 | Depths:2 | Reached skill level 18 in Conjurations
 81194 | Depths:2 | Reached skill level 18 in Air Magic
 81282 | Depths:2 | Reached skill level 9 in Armour
 81803 | Depths:2 | Identified the +7 halberd "Doonongir" {elec, Dex+2}
 82020 | Depths:2 | Noticed a juggernaut
 82025 | Depths:2 | Killed a juggernaut
 82324 | Depths:2 | Reached skill level 10 in Armour
 82753 | Depths:2 | Found a one-way gateway to a ziggurat.
 83112 | Depths:2 | Found a one-way gate leading to the halls of Pandemonium.
 83759 | Depths:3 | Identified the +4 robe of the Sacrificial Victim {rF+}
 83759 | Depths:3 | Noticed Boris
 83763 | Depths:3 | Killed Boris
 83851 | Depths:3 | Identified the ring "Kueddop" {rN++ SInv}
 84187 | Depths:3 | Reached skill level 11 in Armour
 84354 | Depths:3 | Reached XP level 20. HP: 155/155 MP: 31/42
 84633 | Depths:3 | Noticed a caustic shrike
 84637 | Depths:3 | Killed a caustic shrike
 84647 | Depths:3 | Identified the ring "Ymahop" {rF+ rC++ Int-4 SInv}
 84647 | Depths:3 | Noticed Jory
 84652 | Depths:3 | Killed Jory
 84985 | Depths:3 | Noticed a golden dragon
 84990 | Depths:3 | Killed a golden dragon
 85592 | Depths:3 | Reached skill level 12 in Armour
 85751 | Depths:3 | Noticed a juggernaut
 85756 | Depths:3 | Killed a juggernaut
 85948 | Depths:3 | Identified the ring "Gimubil" {MP+9 Dex+2}
 85956 | Depths:3 | Found a transporter.
 86054 | Depths:3 | Noticed Saint Roka
 86062 | Depths:3 | Killed Saint Roka
 86516 | Depths:3 | Noticed a juggernaut
 86520 | Depths:3 | Killed a juggernaut
 86642 | Depths:3 | Reached skill level 19 in Conjurations
 86642 | Depths:3 | Reached skill level 19 in Air Magic
 87139 | Depths:3 | Noticed Sojobo
 87150 | Depths:3 | Paralysed by an air elemental for 1 turns
 87291 | Depths:3 | Found a transporter.
 87324 | Depths:3 | Reached skill level 13 in Armour
 87340 | Depths:3 | Paralysed by an air elemental for 1 turns
 87348 | Depths:3 | Paralysed by an air elemental for 1 turns
 87545 | Depths:3 | Killed Sojobo
 87732 | Depths:4 | Entered Level 4 of the Depths
 88489 | Depths:4 | Noticed a caustic shrike
 88492 | Depths:4 | Noticed a caustic shrike
 88493 | Depths:4 | Killed a caustic shrike
 88493 | Depths:4 | Noticed a caustic shrike
 88497 | Depths:4 | Killed a caustic shrike
 88502 | Depths:4 | Killed a caustic shrike
 89309 | Depths:4 | Reached skill level 14 in Armour
 89522 | Depths:4 | Reached XP level 21. HP: 161/161 MP: 28/43
 89928 | Depths:4 | Noticed a golden dragon
 89937 | Depths:4 | Killed a golden dragon
 90222 | Depths:4 | Found a gate to the Realm of Zot.
 91588 | Elf:1    | Entered Level 1 of the Elven Halls
 93255 | Elf:2    | Found a runed translucent gate.
 93256 | Elf:2    | Found a runed translucent gate.
 93257 | Elf:2    | Found a runed translucent gate.
 93258 | Elf:2    | Noticed Xarreyl's ghost (adept TeCA)
 93259 | Elf:2    | Noticed Goivuek's ghost (adept CoGl)
 93703 | Elf:2    | Found Gaf Argha's General Store.
 93703 | Elf:2    | Found Cyxei's Assorted Antiques.
 93707 | Elf:2    | Found Opliafe's Book Shop.
 93713 | Elf:2    | Bought a scroll of fog for 144 gold pieces
 93713 | Elf:2    | Bought a scroll of fog for 144 gold pieces
 93713 | Elf:2    | Bought a wand of roots (6) for 518 gold pieces
 93929 | Elf:2    | Killed Xarreyl's ghost
 93933 | Elf:2    | Killed Goivuek's ghost
 94017 | Elf:3    | Entered Level 3 of the Elven Halls
 94109 | Elf:3    | Noticed Mara
 94113 | Elf:3    | Killed Mara
 94114 | Elf:3    | Reached skill level 20 in Conjurations
 94114 | Elf:3    | Reached skill level 20 in Air Magic
 95200 | Elf:3    | Identified the ring of the Immovable Gods {rF+ rN+ rCorr
                  | Int-3 Dex+3}
 95273 | Elf:3    | Identified the +6 quarterstaff "Leviticus" {elec, rElec rF+
                  | Dex+2}
 95564 | Elf:3    | Identified the +4 scale mail of the Ten Curses {rPois rC+
                  | rCorr Int+3}
 96046 | Elf:3    | Found Mijaizuc's Antique Weapon Emporium.
 96152 | Elf:3    | Identified the +8 spear of Lerchaha {freeze, +Blink rPois
                  | Will-}
 96153 | Elf:3    | Identified the +0 chain mail "Kisafiem" {+Inv rElec rC+
                  | Stlth-}
 96153 | Elf:3    | Identified the ring of Spite {rElec rPois rN+ Will- Stlth+}
 96633 | Elf:3    | Identified the +5 great sword of Joruez {freeze, rPois
                  | Int+3}
 96681 | Elf:3    | Learned a level 9 spell: Chain Lightning
 97023 | Elf:3    | Identified the +1 pair of gloves of the Enormous God {Harm
                  | *Corrode rElec rF+}
 97117 | Elf:3    | Found the +5 Storm Queen's Shield {shock, Fly rElec}
 97144 | Elf:3    | Identified the +0 spear of Day {antimagic, ^Contam rElec
                  | Dex+6}
 97690 | Vaults:5 | Entered Level 5 of the Vaults
 97792 | Vaults:5 | Reached skill level 6 in Shields
 97974 | Vaults:5 | Reached XP level 22. HP: 81/156 MP: 18/44
 98931 | Vaults:5 | Reached skill level 21 in Air Magic
 98937 | Vaults:5 | Reached skill level 21 in Conjurations
 99147 | Vaults:5 | Reached skill level 7 in Shields
 99307 | Vaults:5 | Identified the +0 robe "Ozxoshrau" {-Cast Harm rCorr
                  | Stlth+}
 99328 | Vaults:5 | Identified the +8 long sword "Unuc" {flame, Int+5}
 99328 | Vaults:5 | Identified the ring "Hocilua" {^Contam MP+9 Str+3 Dex+2}
100233 | Vaults:5 | Got a silver rune of Zot
100271 | Vaults:5 | Noticed an ancient lich
100275 | Vaults:5 | Killed an ancient lich
100341 | Vaults:5 | Identified the +5 triple sword of Disarray {freeze, Int+3
                  | Stlth+}
100341 | Vaults:5 | Identified the ring "Duxehozuh" {rPois rN+++ Will- rCorr}
100413 | Vaults:5 | Identified the +8 flail of the Wilderness {flame, Int+3}
100413 | Vaults:5 | Identified the ring of Peace {rPois rF+ rC+ EV+5}
100416 | Vaults:5 | Found Caetweti's Distillery.
100430 | Vaults:5 | Reached skill level 8 in Shields
100683 | Vaults:5 | Bought a potion of mutation for 128 gold pieces
100683 | Vaults:5 | Bought a potion of haste for 160 gold pieces
100826 | Vaults:5 | Identified the amulet "Roennar" {Acrobat *Slow Dex+6}
101528 | Vaults:5 | Identified the +3 broad axe of Calculation {heavy, rPois
                  | Int+5 Dex-2}
101787 | Vaults:5 | Identified the +5 mace of Optimality {speed, *Noise Dex+6}
102776 | Zot:1    | Entered Level 1 of the Realm of Zot
102886 | Zot:1    | Reached skill level 9 in Shields
103575 | Zot:1    | You fall into a shaft and drop 1 floor!
103597 | Zot:2    | Noticed a curse toe
103604 | Zot:2    | HP: 6/155 [shadow dragon/bolt of negative energy (11)]
103605 | Zot:2    | Killed from afar by a shadow dragon

Vanquished Creatures
  An ancient lich (Vaults:5)
  Mara (Elf:3)
  4 juggernauts
  Sojobo (Depths:3)
  Bai Suzhen (Spider:4)
  Boris (Depths:3)
  Saint Roka (Depths:3)
  4 caustic shrikes
  2 golden dragons
  Jory (Depths:3)
  Arachne (Spider:4)
  Nikola (Vaults:2)
  The ghost of Goivuek the Warrior, an adept CoGl of Wu Jian (Elf:2)
  Jorgrun (Swamp:2)
  The ghost of contendunt the Acrobat, an adept MiFi of Okawaru (Swamp:2)
  Rupert (Lair:5)
  9 tentacled monstrosities
  5 liches
  Mlioglotl (Spider:4)
  A walking crystal tome (Depths:3)
  2 deep elf master archers (Elf:3)
  2 quicksilver dragons (Vaults:5)
  2 deep elf blademasters (Elf:3)
  2 titans
  The ghost of Xarreyl the Stormcaller, an adept TeCA of Ignis (Elf:2)
  10 sphinxes
  An ancient champion (Depths:3)
  3 death cobs (Zot:1)
  2 thorn hunters (Swamp:4)
  Agnes (D:15)
  4 storm dragons
  17 tengu reavers
  10 shadow dragons
  Kirke (D:12)
  A protean progenitor (Zot:2)
  4 draconian monks
  18 vault wardens
  A draconian knight (Depths:4)
  8 emperor scorpions
  12 fire giants
  13 frost giants
  2 deep elf sorcerers (Elf:3)
  A balrug (Depths:2)
  A draconian shifter (Zot:1)
  4 deep elf elementalists (Elf:3)
  3 draconian scorchers (Zot:1)
  3 iron dragons (Depths:2)
  12 ironbound preservers
  3 orc warlords
  3 spriggan defenders
  A draconian annihilator (Zot:1)
  5 ghost moths
  21 very ugly things
  14 stone giants
  A broodmother (Spider:3)
  4 formless jellyfish
  5 ironbound thunderhulks
  5 vampire knights
  8 deep elf death magi
  5 deep elf annihilators
  5 eleionomae
  The ghost of Lanoc the Skirmisher, a journeyman CoHu of Beogh (D:13)
  3 green draconians
  Nessos (D:12)
  3 yellow draconians
  10 deep elf demonologists
  3 dire elephants (Vaults:4)
  2 black draconians (Zot:1)
  4 purple draconians
  3 red draconians
  14 spark wasps
  A war gargoyle (Vaults:5)
  A white draconian (Depths:4)
  2 bunyips
  15 ettins
  4 deep elf high priests
  2 shambling mangroves (Swamp:3)
  16 yaktaur captains
  9 fire dragons
  8 entropy weavers
  A salamander tyrant (Depths:3)
  8 rakshasas
  10 great orbs of eyes
  5 ice dragons
  37 vault guards
  A ghost crab (Swamp:3)
  23 hydras
  A peacekeeper (Vaults:3)
  A spriggan air mage (Depths:1)
  13 alligators
  2 radroaches (Spider:2)
  11 centaur warriors
  A catoblepas (Lair:4)
  5 boulder beetles
  4 ironbound frosthearts
  An ogre mage (Vaults:5)
  A jorogumo (Spider:3)
  14 dancing weapons
  10 two-headed ogres
  A torpor snail (shapeshifter) (Depths:2)
  6 orc high priests
  A death scarab (Spider:1)
  10 death yaks
  6 deep troll shamans
  A vampire mage (Depths:2)
  7 spriggan berserkers
  3 thrashing horrors (Lair:5)
  8 occultists
  4 demonic crawlers
  8 tengu warriors
  4 hell knights
  8 deep troll earth magi
  A sun demon (Depths:2)
  4 deep elf knights
  A fire crab (Lair:5)
  7 iron trolls
  A pharaoh ant (Spider:3)
  A salamander mystic (Depths:3)
  5 goliath frogs
  5 glowing orange brains
  9 deep elf archers
  12 swamp dragons
  4 arcanists
  38 deep trolls
  An obsidian statue (Volcano)
  2 spriggan druids
  3 orb spiders (Spider:4)
  Pikel (D:6)
  An orange crystal statue (D:11)
  5 bog bodies
  2 flayed ghosts
  5 harpies (Vaults:1)
  A sun moth (Spider:4)
  13 orc knights
  14 ironbound convokers
  A lindwurm (shapeshifter) (Vaults:5)
  7 steelbarb worms
  8 phantasmal warriors
  6 necromancers
  2 large abominations (Lair:5)
  4 thermic dynamos
  5 lindwurms (Vaults:1)
  19 wolf spiders
  27 deep elf pyromancers
  23 ugly things
  12 cyclopes
  3 oklob plants
  10 orc sorcerers
  2 harpies (shapeshifter)
  11 deep elf zephyrmancers
  3 meliai (Spider:3)
  2 manticores
  A manticore (shapeshifter) (Depths:2)
  A mana viper (shapeshifter) (Vaults:5)
  5 will-o-the-wisps
  A meliai (shapeshifter) (D:13)
  A faun (shapeshifter) (Vaults:5)
  8 moths of wrath
  19 vault sentinels
  6 elephants (Lair:5)
  2 salamanders (Depths:3)
  A centaur zombie (D:15)
  A guardian serpent (shapeshifter) (D:13)
  9 cane toads
  Maggie (D:10)
  2 gargoyles
  5 torpor snails
  Jeremiah (D:7)
  A centaur skeleton (D:15)
  4 black mambas
  A smoke demon (Lair:5)
  6 rime drakes
  2 unseen horrors (D:12)
  An efreet (D:13)
  8 komodo dragons
  22 yaktaurs
  2 tengu conjurers
  An anaconda simulacrum (Lair:2)
  2 ice devils (Lair:2)
  4 freezing wraiths
  A bloated husk (Swamp:3)
  16 hornets
  12 trolls
  A polar bear (shapeshifter) (Lair:5)
  3 polar bears
  5 tyrant leeches
  22 jumping spiders
  21 tarantellas
  2 raiju (Lair:5)
  3 glass eyes
  4 dream sheep
  A dream sheep (shapeshifter) (Vaults:4)
  19 blink frogs (Lair:5)
  An air elemental (Elf:3)
  11 slime creatures
  15 spriggans
  A spriggan (shapeshifter) (Elf:1)
  3 vampires (Vaults:2)
  3 ynoxinuls
  39 yaks
  15 culicivoras
  3 water elementals
  A shadow (D:10)
  A wraith (D:13)
  A centaur simulacrum (D:15)
  8 basilisks
  2 hogs (D:12)
  A hog (shapeshifter) (Vaults:5)
  4 fire bats (Volcano)
  Eustachio (D:5)
  11 wargs
  4 wyverns
  Grum (D:8)
  A golden eye (shapeshifter) (D:13)
  A steam dragon (D:6)
  2 fire elementals
  73 redbacks
  A warg (shapeshifter) (Elf:1)
  13 vampire mosquitoes
  A chaos spawn (Lair:5)
  A harpy simulacrum (D:15)
  18 swamp worms
  A swamp worm (shapeshifter) (Depths:2)
  2 acid dragons
  Duvessa (D:5)
  7 water moccasins
  10 swamp drakes
  A hornet zombie (D:15)
  12 orc warriors
  A sky beast (shapeshifter) (Lair:5)
  12 wolves
  9 ogres
  12 centaurs
  A boggart (D:13)
  A lemure (D:6)
  A phantom (D:6)
  7 bullfrogs
  2 gnoll sergeants
  2 kobold brigands
  5 scorpions
  11 small abominations (Lair:5)
  A cane toad simulacrum (Lair:2)
  2 earth elementals (Elf:1)
  Dowan (D:5)
  7 killer bees
  6 howler monkeys
  7 electric eels
  5 lava snakes (Volcano)
  4 hounds
  27 orc priests
  2 jellies (D:6)
  3 iguanas
  A boggart zombie (D:15)
  29 orc wizards
  3 troll simulacra (Lair:2)
  13 gnolls
  5 adders
  A naga simulacrum (Lair:2)
  2 shadow imps
  A white imp (Lair:2)
  3 ribbon worms
  70 orcs
  6 ball pythons
  3 endoplasms
  4 giant cockroaches
  7 goblins
  6 hobgoblins
  13 jackals
  2 quokkas
  3 bats
  4 frilled lizards
  15 kobolds
  5 rats
  2 aspiring fleshes (Zot:2)
1685 creatures vanquished.

Vanquished Creatures (collateral kills)
  A formless jellyfish (Vaults:4)
1 creature vanquished.

Vanquished Creatures (others)
  A deep elf pyromancer (Elf:3)
  A human (D:12)
  An orc (D:12)
  7 foxfires
10 creatures vanquished.

Grand Total: 1696 creatures vanquished

Table legend: (Time is in decaauts)
 A = Elapsed time spent in this place.
 B = Non-inter-level travel time spent in this place.
 C = Inter-level travel time spent in this place.
 D = Time resting spent in this place.
 E = Time spent auto-exploring this place.
 F = Levels seen in this place.
 G = Mean time per level.
                   A        B        C        D        E       F      G
               +--------+--------+--------+--------+--------+-----+--------+
         Total | 103766 |  93396 |  10370 |  21100 |  58091 |  46 | 2255.8 |
       Dungeon |  26889 |  22553 |   4336 |   4106 |  15668 |  15 | 1792.6 |
          Lair |  13167 |  12164 |   1003 |   3083 |   7327 |   5 | 2633.4 |
         Swamp |   9580 |   8897 |    683 |   2700 |   5162 |   4 | 2395.0 |
   Spider Nest |   9519 |   8400 |   1119 |   3476 |   3500 |   4 | 2379.8 |
  Orcish Mines |   4452 |   4158 |    294 |    866 |   2749 |   2 | 2226.0 |
   Elven Halls |   5752 |   5406 |    346 |    895 |   3666 |   3 | 1917.3 |
        Vaults |  20182 |  18382 |   1800 |   3673 |  11502 |   5 | 4036.4 |
        Depths |  12539 |  11755 |    784 |   2093 |   7519 |   4 | 3134.8 |
           Zot |    171 |    171 |      0 |      3 |     53 |   2 |   85.5 |
       Volcano |   1051 |   1051 |      0 |    203 |    567 |   1 | 1051.0 |
      Gauntlet |    459 |    459 |      0 |      0 |    376 |   1 |  459.0 |
               +--------+--------+--------+--------+--------+-----+--------+

Top non-repeatable levels by time:
Vaults:4: 4550 daAuts
Vaults:5: 4307 daAuts
Vaults:2: 4236 daAuts
 Swamp:3: 3958 daAuts
    D:13: 3901 daAuts
Vaults:3: 3894 daAuts
Depths:2: 3727 daAuts
Depths:4: 3718 daAuts
Depths:3: 3645 daAuts
  Lair:5: 3391 daAuts
   Orc:2: 3387 daAuts
Vaults:1: 3194 daAuts
Spider:1: 3014 daAuts
  Lair:2: 2999 daAuts
  Lair:1: 2806 daAuts

Table legend:
 A = Non-vault XP
 B = Vault XP
 C = Vault XP percentage of total XP
 D = Non-vault monster count
 E = Vault monster count
 F = Vault count percentage of total count
                 A         B        C        D         E       F
            +---------+---------+-------+---------+---------+-------
      Total |  472264 |  500658 |  51.5 |    1036 |     648 |  38.5
            +---------+---------+-------+---------+---------+-------
        D:1 |      40 |       0 |   0.0 |      25 |       0 |   0.0
        D:2 |      22 |       0 |   0.0 |      12 |       0 |   0.0
        D:3 |      57 |       3 |   5.0 |       7 |       2 |  22.2
        D:4 |     307 |      80 |  20.7 |      20 |       1 |   4.8
        D:5 |     680 |     515 |  43.1 |      23 |       7 |  23.3
        D:6 |     823 |     685 |  45.4 |      20 |       1 |   4.8
        D:7 |     972 |     406 |  29.5 |      25 |       1 |   3.8
        D:8 |     594 |     662 |  52.7 |      17 |       5 |  22.7
        D:9 |     637 |       0 |   0.0 |      11 |       0 |   0.0
       D:10 |    1551 |     415 |  21.1 |      12 |       1 |   7.7
       D:11 |    6672 |     677 |   9.2 |      25 |       1 |   3.8
       D:12 |    5508 |    3609 |  39.6 |      15 |       5 |  25.0
       D:13 |   12028 |   11640 |  49.2 |      26 |      17 |  39.5
       D:14 |    4843 |       0 |   0.0 |       8 |       0 |   0.0
       D:15 |   13266 |    6114 |  31.5 |      25 |      12 |  32.4
     Lair:1 |    2260 |    3187 |  58.5 |       9 |       7 |  43.8
     Lair:2 |    6926 |    3185 |  31.5 |      24 |      16 |  40.0
     Lair:3 |    3648 |     673 |  15.6 |       7 |       1 |  12.5
     Lair:4 |    9326 |       0 |   0.0 |      28 |       0 |   0.0
     Lair:5 |   14036 |   12950 |  48.0 |      42 |      39 |  48.1
    Swamp:1 |    7873 |       0 |   0.0 |      16 |       0 |   0.0
    Swamp:2 |    9304 |    9905 |  51.6 |      19 |      12 |  38.7
    Swamp:3 |   18660 |     869 |   4.4 |      33 |       1 |   2.9
    Swamp:4 |   12722 |   16838 |  57.0 |      29 |      26 |  47.3
   Spider:1 |   12120 |     262 |   2.1 |      31 |       1 |   3.1
   Spider:2 |   17168 |    3452 |  16.7 |      52 |      10 |  16.1
   Spider:3 |   19189 |    1823 |   8.7 |      47 |       4 |   7.8
   Spider:4 |   11419 |   25570 |  69.1 |      28 |      35 |  55.6
      Orc:1 |    5826 |     565 |   8.8 |      42 |       1 |   2.3
      Orc:2 |    3292 |    7453 |  69.4 |      17 |      52 |  75.4
      Elf:1 |   11192 |    2543 |  18.5 |      20 |       6 |  23.1
      Elf:2 |   10770 |    3546 |  24.8 |      16 |       2 |  11.1
      Elf:3 |   21963 |   35193 |  61.6 |      33 |      28 |  45.9
   Vaults:1 |   19101 |   14344 |  42.9 |      32 |      21 |  39.6
   Vaults:2 |   18345 |   10403 |  36.2 |      24 |      14 |  36.8
   Vaults:3 |   19823 |   21782 |  52.4 |      22 |      29 |  56.9
   Vaults:4 |   10481 |   24099 |  69.7 |      17 |      28 |  62.2
   Vaults:5 |   28059 |   96557 |  77.5 |      45 |      90 |  66.7
   Depths:1 |   16336 |    2585 |  13.7 |      20 |       3 |  13.0
   Depths:2 |   31127 |   43983 |  58.6 |      36 |      39 |  52.0
   Depths:3 |     956 |   97686 |  99.0 |       1 |      86 |  98.9
   Depths:4 |   51439 |   25291 |  33.0 |      50 |      24 |  32.4
      Zot:1 |   30903 |       0 |   0.0 |      25 |       0 |   0.0
      Zot:2 |       0 |    7182 | 100.0 |       0 |       5 | 100.0
    Volcano |       0 |    3926 | 100.0 |       0 |      15 | 100.0
            +---------+---------+-------+---------+---------+-------
